 Dungeon Crawl Stone Soup version 0.30.1 (webtiles) character file.

Game seed: 6648162399311632527

443 Destapler the Sneak (level 6, -1/30 HPs)
             Began as a Spriggan Enchanter on July 5, 2023.
             Was an Initiate of Gozag.
             Frozen to death by an endoplasm (2 damage)
             ... on level 4 of the Dungeon.
             The game lasted 00:14:48 (3432 turns).

Destapler the Sneak (Spriggan Enchanter)            Turns: 3432, Time: 00:14:48

Health: -1/30      AC:  3    Str:  4    XL:     6   Next: 71%
Magic:  1/11       EV:  4    Int: 16    God:    Gozag
Gold:   198        SH:  0    Dex: 18    Spells: 6/11 levels left

rFire   . . .        a - +1 dagger
rCold   . . .        (no shield)
rNeg    + . .        b - +0 robe
rPois   .            (helmet restricted)
rElec   .            d - +0 cloak
rCorr   .            (gloves unavailable)
SInv    +            (boots unavailable)
Will    +....        (no amulet)
Stlth   +++          k - ring of positive energy
HPRegen 0.25/turn    (no ring)
MPRegen 0.12/turn

%: no passive effects
@: sleeping, very quick
A: very small, no large weapons, unfitting armour, see invisible, speed 3
a: Renounce Religion, Potion Petition, Call Merchant, Bribe Branch


You were on level 4 of the Dungeon.
You worshipped Gozag.
Gozag was aware of your devotion.
You visited 1 branch of the dungeon, and saw 4 of its levels.

You collected 198 gold pieces.

Inventory:

Hand Weapons
 a - a +1 dagger (weapon)
Armour
 b - a +0 robe (worn)
 d - a +0 cloak (worn)
Jewellery
 k - a ring of positive energy (left hand)
Wands
 n - a wand of flame (5)
Scrolls
 f - 9 scrolls of identify {unknown}
 g - 5 scrolls of teleportation {unknown}
 i - a scroll of immolation {unknown}
 j - a scroll of enchant armour {unknown}
 m - a scroll of enchant weapon {unknown}
 r - a scroll of poison {unknown}
 s - a scroll of fog {unknown}
 t - a scroll of fear {unknown}
 w - a scroll of vulnerability {unknown}
 y - 2 scrolls of noise {unknown}
Potions
 c - 3 potions of invisibility
 e - a potion of ambrosia {unknown}
 h - a potion of flight {unknown}
 l - 2 potions of heal wounds {unknown}
 o - a potion of degeneration {unknown}
 p - a potion of attraction {unknown}
 q - 2 potions of berserk rage {unknown}
 u - a potion of magic {unknown}
 v - a potion of cancellation {unknown}
 x - 2 potions of mutation {unknown}


   Skills:
 - Level 2.0 Fighting
 + Level 4.3 Short Blades
 - Level 4.0 Dodging
 + Level 6.2 Stealth
 + Level 3.3 Spellcasting
 + Level 4.2 Hexes
 + Level 3.2 Evocations


You had 6 spell levels left.
You knew the following spells:

 Your Spells              Type           Power      Damage    Failure   Level
a - Ensorcelled Hibernat  Hex/Ice        18%        N/A       12%         2
b - Tukima's Dance        Hex            16%        N/A       10%         3

Your spell library contained the following spells:

 Spells                   Type           Power      Damage    Failure   Level
 Confusing Touch          Hex            16%        N/A       10%         3
 Dazzling Flash           Conj/Hex       18%        N/A       22%         3
 Ozocubu's Armour         Ice            2%         N/A       50%         3
 Ozocubu's Refrigeration  Ice            1%         4d7       100%        7


Dungeon Overview and Level Annotations

Branches:
Dungeon (4/15)
 Temple: D:4-7

Altars:
Gozag
Makhleb
The Shining One


Innate Abilities, Weirdness & Mutations

You are very small and have problems with some larger weapons.
You are too small for most types of armour.
You have supernaturally acute eyesight. (SInv)
You cover ground extremely quickly. (Speed+++)


Message History

The sleepcap is moderately damaged.
The sleepcap misses you. The endoplasm closely misses you.
You hit the sleepcap but do no damage.
The sleepcap is moderately damaged.
The sleepcap misses you. The endoplasm freezes you.
You are frozen.
* * * LOW HITPOINT WARNING * * *
You hit the sleepcap but do no damage.
The sleepcap is moderately damaged.
You hit the sleepcap but do no damage.
The sleepcap is moderately damaged.
The sleepcap completely misses you. The endoplasm freezes you.
You are frozen.
* * * LOW HITPOINT WARNING * * *
You hit the sleepcap but do no damage.
The sleepcap is moderately damaged.
The sleepcap barely misses you. The endoplasm closely misses you.
You hit the sleepcap.
The sleepcap is moderately damaged.
The sleepcap releases spores at you but does no damage.
The endoplasm freezes you.
You are frozen.
* * * LOW HITPOINT WARNING * * *
You hit the sleepcap.
The sleepcap is heavily damaged.
The endoplasm closely misses you. The sleepcap closely misses you.
You hit the sleepcap but do no damage.
The sleepcap is heavily damaged.
You hit the sleepcap.
The sleepcap is heavily damaged.
The sleepcap releases spores at you!
* * * LOW HITPOINT WARNING * * *
You are engulfed in a cloud of soporific spores!
You fall asleep.
The endoplasm freezes you.
You are frozen.
You die...
Your body crumbles into a pile of gold.

# .# #. #. ###
#.##.##
##f#...#######
$
+..@..........$
##J#...#######
#.##........#
#. #.######.#
#. #.# #.# #.
#.#### #.# #.
.....# #.# #.#
## #.##.# #.#
##.## #.##.#
#.#


You could see a sleepcap and an endoplasm.

Vanquished Creatures
  Sigmund (D:2)
  A scorpion (D:3)
  A hound (D:4)
  An orc wizard (D:3)
  4 gnolls (D:2)
  4 adders
  A white imp (D:4)
  An ufetubus (D:4)
  A dart slug (D:1)
  9 orcs
  7 ball pythons
  5 bats
  7 endoplasms
  2 giant cockroaches (D:3)
  7 goblins
  7 hobgoblins
  3 jackals (D:1)
  2 kobolds (D:3)
  3 quokkas
  3 frilled lizards
  3 goblin skeletons (D:4)
  2 goblin zombies (D:4)
  3 hobgoblin zombies (D:4)
  A kobold skeleton (D:4)
  A kobold zombie (D:4)
  An orc zombie (D:4)
  3 rats
84 creatures vanquished.

Notes
Turn   | Place    | Note
-------+----------+-------------------------------------------
     0 | D:1      | Destapler the Spriggan Enchanter began the quest for the
                  | Orb.
     0 | D:1      | Reached XP level 1. HP: 9/9 MP: 5/5
    69 | D:1      | Reached XP level 2. HP: 3/13 MP: 6/6
   467 | D:1      | Reached skill level 1 in Evocations
   515 | D:1      | Reached XP level 3. HP: 14/17 MP: 8/8
   635 | D:1      | Learned a level 2 spell: Ensorcelled Hibernation
   739 | D:2      | Noticed Sigmund
   847 | D:2      | Reached skill level 5 in Stealth
  1055 | D:2      | Found a burning altar of Makhleb.
  1157 | D:2      | Reached XP level 4. HP: 21/21 MP: 6/9
  1244 | D:2      | Killed Sigmund
  1245 | D:2      | Reached skill level 1 in Fighting
  1245 | D:2      | Reached skill level 6 in Stealth
  1245 | D:2      | Reached XP level 5. HP: 26/26 MP: 5/10
  1874 | D:3      | Found a faded altar of an unknown god.
  2241 | D:3      | Reached XP level 6. HP: 30/30 MP: 4/11
  2377 | D:3      | Learned a level 3 spell: Tukima's Dance
  2734 | D:4      | Found a glowing golden altar of the Shining One.
  3072 | D:3      | Prayed at the altar of an unknown god.
  3072 | D:3      | Became a worshipper of Gozag Ym Sagoz the Greedy
  3432 | D:4      | HP: 1/30 [sleepcap (8)]
  3432 | D:4      | Frozen to death by an endoplasm

Illustrated notes

Levels and vault maps discovered:
D:1:      dpeg_arrival_rhombus, layout_rooms
D:2:      layout_loops_ring, basic_altar, uniq_sigmund
D:3:      layout_loops_cross, hellmonk_ecumenical_altar_prayer_group,
          minmay_mini_jars
D:4:      layout_loops_corners, nicolae_tso_besieged_by_evil

Skill      XL: |  1  2  3  4  5  6 |
---------------+-------------------+-----
Dodging        | 3 4 |  4.0
Spellcasting   | 3 |  3.3
Evocations     | 1 2 3 |  3.2
Stealth        | 5 6 |  6.2
Hexes          | 4 |  4.2
Fighting       | 1 2 |  2.0
Short Blades   | 2 3 4 |  4.3

Action                     |  1- 3 |  4- 6 || total
---------------------------+-------+-------++-------
  Melee: Dagger            |   115 |   204 ||   319
         Punch             |     3 |     3 ||     6
   Cast: Ensorcelled Hiber |     9 |    34 ||    43
  Evoke: Wand              |       |     4 ||     4
   Stab: Sleeping          |    13 |    24 ||    37
 Armour: Robe              |    15 |    34 ||    49
  Dodge: Dodged            |    86 |   200 ||   286
